 Dungeon Crawl Stone Soup version 0.30.1-8-g117510f58f (webtiles) character file.

Game seed: 14105519938603875611

1537746 LordWeiramon the Hoplite (level 27, 197/199 HPs)
             Began as a Gargoyle Cinder Acolyte on Sept 22, 2023.
             Was the Champion of Ashenzari.
             Escaped with the Orb
             ... and 3 runes!
             The game lasted 07:13:25 (82250 turns).

LordWeiramon the Hoplite (Gargoyle Cinder Acolyte) Turns: 82250, Time: 07:13:25

Health: 197/199    AC: 54    Str: 18    XL:     27
Magic:  33/33      EV: 26    Int: 21    God:    Ashenzari [******]
Gold:   4698       SH: 30    Dex: 27    Spells: 35/40 levels left

rFire   + + +        a - +8 mithril axe "Arga" {speed, Will+, Melee, Evo} (curse)
rCold   + . .        x - +2 tower shield "Circumscribed With Me" {Melee, Self} (curse)
rNeg    + . .        w - +8 fire dragon scales "Share My Jealousy" {rF++ rC-, Melee, Evo} (curse)
rPois   ∞            S - +2 helmet of the Eternal Urgency {Elem, Evo} (curse)
rElec   +            W - scarf of Ashenzari's Comet {rC+ rF+, Evo, Melee} (curse)
rCorr   .            I - +1 pair of gloves of the All-seeing Doubts {Elem, Melee} (curse)
SInv    +            R - +2 pair of boots "Clairvoyant Secrets" {Stlth+, Comp, Cun} (curse)
Will    ++++.        F - amulet "Affliction of Ashenzari" {Spirit rC+ Int+4, Self, Cun} (curse)
Stlth   ++           D - ring of the Esoteric Omen {Dex+6, Cun, Fort} (curse)
HPRegen 0.53/turn    C - ring of Ashenzari's Nihilism {Dex+6, Elem, Cun} (curse)
MPRegen 0.23/turn

%: clarity, guardian spirit
@: flying
A: sickness immunity, AC +20, big wings, negative energy resistance 1,
electricity resistance, torment resistance 1, petrification resistance,
strong-willed 1, screaming 1, weak 1, inability to drink after injury 1
0: Orb of Zot
}: 3/15 runes: decaying, abyssal, gossamer
a: Renounce Religion, Shatter the Chains


You escaped.
You worshipped Ashenzari.
Ashenzari was exalted by your worship.
You visited 11 branches of the dungeon, and saw 50 of its levels.
You visited the Abyss 2 times.
You also visited: Trove.

You collected 7949 gold pieces.
You spent 3251 gold pieces at shops.

Inventory:

Hand Weapons
 a - the cursed +8 mithril axe "Arga" (weapon) {speed, Will+, Melee, Evo}
   (You took it off a deep elf death mage on level 2 of the Elven Halls)

   Will:      It increases your willpower.
   It has a curse which improves the following skills: Melee Combat: Short
   Blades, Long Blades, Axes, Maces & Flails, Polearms, Staves and Unarmed
   Combat.
   Evocations: Evocations.
Missiles
 k - 23 curare-tipped darts (quivered)
Armour
 o - the +4 dragonskin cloak
   (You took it off Tiamat on level 2 of the Realm of Zot)

   Avatar's Aegis: It grants the wearer a chance to resist fire, cold, poison,
   electricity, acid, and negative energy.
 w - the cursed +8 fire dragon scales "Share My Jealousy" (worn) {rF++ rC-, Melee, Evo}
   (You found it on level 5 of the Lair of Beasts)

   rF:        It greatly protects you from fire.
   rC:        It makes you vulnerable to cold.
   It has a curse which improves the following skills: Melee Combat: Short
   Blades, Long Blades, Axes, Maces & Flails, Polearms, Staves and Unarmed
   Combat.
   Evocations: Evocations.
 x - the cursed +2 tower shield "Circumscribed With Me" (worn) {Melee, Self}
   (You found it on level 3 of the Elven Halls)

   It has a curse which improves the following skills: Melee Combat: Short
   Blades, Long Blades, Axes, Maces & Flails, Polearms, Staves and Unarmed
   Combat.
   Introspection: Fighting and Spellcasting.
 I - the cursed +1 pair of gloves of the All-seeing Doubts (worn) {Elem, Melee}
   (You found it on level 2 of the Swamp)

   It has a curse which improves the following skills: Elements: Fire Magic, Ice
   Magic, Air Magic and Earth Magic.
   Melee Combat: Short Blades, Long Blades, Axes, Maces & Flails, Polearms,
   Staves and Unarmed Combat.
 R - the cursed +2 pair of boots "Clairvoyant Secrets" (worn) {Stlth+, Comp, Cun}
   (You found it on level 3 of the Elven Halls)

   It has a curse which improves the following skills: Companions: Summonings
   and Necromancy.
   Cunning:   Dodging and Stealth.
 S - the cursed +2 helmet of the Eternal Urgency (worn) {Elem, Evo}
   (You found it on level 12 of the Dungeon)

   It has a curse which improves the following skills: Elements: Fire Magic, Ice
   Magic, Air Magic and Earth Magic.
   Evocations: Evocations.
 W - the cursed scarf of Ashenzari's Comet (worn) {rC+ rF+, Evo, Melee}
   (You found it on level 4 of the Spider Nest)

   It has a curse which improves the following skills: Evocations: Evocations.
   Melee Combat: Short Blades, Long Blades, Axes, Maces & Flails, Polearms,
   Staves and Unarmed Combat.
Jewellery
 v - the ring of Harmony {rF+ Int+4 SInv}
   (You found it on level 2 of the Realm of Zot)

   [ring of see invisible]

   Int:       It affects your intelligence (+4).
   rF:        It protects you from fire.
   SInv:      It lets you see invisible.
 y - a ring of resist corrosion
 C - the cursed ring of Ashenzari's Nihilism (right hand) {Dex+6, Elem, Cun}
   (You found it on level 7 of the Dungeon)

   [ring of dexterity]

   Dex:       It affects your dexterity (+6).
   It has a curse which improves the following skills: Elements: Fire Magic, Ice
   Magic, Air Magic and Earth Magic.
   Cunning:   Dodging and Stealth.
 D - the cursed ring of the Esoteric Omen (left hand) {Dex+6, Cun, Fort}
   (You found it on level 8 of the Dungeon)

   [ring of dexterity]

   Dex:       It affects your dexterity (+6).
   It has a curse which improves the following skills: Cunning: Dodging and
   Stealth.
   Fortitude: Armour and Shields.
 F - the cursed amulet "Affliction of Ashenzari" (around neck) {Spirit rC+ Int+4, Self, Cun}
   (You found it on level 1 of the Lair of Beasts)

   [amulet of guardian spirit]

   It causes incoming damage to be divided between your reserves of health and
   magic.
   Int:       It affects your intelligence (+4).
   rC:        It protects you from cold.
   It has a curse which improves the following skills: Introspection: Fighting
   and Spellcasting.
   Cunning:   Dodging and Stealth.
Wands
 c - a wand of polymorph (10)
 g - a wand of digging (7)
 l - a wand of charming (28)
 z - a wand of roots (31)
 E - a wand of flame (58)
 G - a wand of quicksilver (16)
 Q - a wand of mindburst (32)
Scrolls
 d - 7 scrolls of fog
 i - 9 scrolls of fear
 j - 13 scrolls of magic mapping
 m - 3 scrolls of enchant weapon
 n - 2 scrolls of blinking
 p - 2 scrolls of butterflies
 s - 4 scrolls of poison
 H - 17 scrolls of teleportation
 N - a scroll of enchant armour
 O - 11 scrolls of amnesia
Potions
 e - 20 potions of curing
 f - 8 potions of attraction
 h - 6 potions of magic
 q - a potion of invisibility
 r - 4 potions of cancellation
 t - 7 potions of brilliance
 A - 3 potions of heal wounds
 B - a potion of resistance
 L - 10 potions of mutation
 M - 4 potions of might
 U - 9 potions of ambrosia
 Y - 2 potions of berserk rage
Miscellaneous
 b - a phial of floods
 J - a phantom mirror
 K - a box of beasts
 V - a tin of tremorstones (2/2)
 X - a lightning rod (4/4)


   Skills:
 - Level 23.9(27) Fighting
 - Level 19.0(27) Axes
 - Level 18.1(27) Maces & Flails
 - Level 2.6(14.4) Polearms
 - Level 3.3 Throwing
 - Level 18.0(20.3) Armour
 - Level 14.4(20.1) Dodging
 - Level 4.2(9.3) Stealth
 + Level 24.0(26.1) Shields
 - Level 4.0(7.2) Spellcasting
 - Level 5.3(9.8) Fire Magic
 - Level 9.0(13.7) Earth Magic
 - Level 10.0(15.6) Evocations


You had 35 spell levels left.
You knew the following spells:

 Your Spells              Type           Power      Damage    Failure   Level
a - Lee's Rapid Deconstr  Erth           30%        3d16*     1%          5

Your spell library contained the following spells:

 Spells                   Type           Power      Damage    Failure   Level
 Scorch                   Fire           98%        2d9       1%          2
 Volatile Blastmotes      Fire/Tloc      56%        2d14      9%          3
 Leda's Liquefaction      Hex/Erth       18%        N/A       12%         4
 Freeze                   Ice            40%        1d6       16%         1
 Ignite Poison            Fire/Tmut/Pois 21%        N/A       16%         3
 Necrotise                Necr           32%        1d5       19%         1
 Shock                    Conj/Air       36%        1d5       19%         1
 Summon Small Mammal      Summ           32%        N/A       19%         1
 Kiss of Death            Conj/Necr      32%        2d7       21%         1
 Apportation              Tloc           14%        N/A       22%         1
 Beastly Appendage        Tmut           14%        N/A       22%         1
 Magic Dart               Conj           28%        1d4       22%         1
 Call Imp                 Summ           16%        N/A       28%         2
 Ensorcelled Hibernation  Hex/Ice        18%        N/A       28%         2
 Poisonous Vapours        Pois/Air       18%        N/A       28%         2
 Static Discharge         Conj/Air       18%        2-3/arc   28%         2
 Lesser Beckoning         Tloc           14%        N/A       32%         2
 Searing Ray              Conj           14%        2d5       32%         2
 Wereblood                Tmut           7%         N/A       32%         2
 Borgnjor's Vile Clutch   Necr/Erth      18%        N/A       32%         5
 Frozen Ramparts          Ice            20%        1d4       43%         3
 Ozocubu's Armour         Ice            10%        N/A       43%         3
 Swiftness                Air            10%        N/A       43%         3
 Call Canine Familiar     Summ           8%         N/A       50%         3
 Hailstorm                Conj/Ice       9%         3d4       50%         3
 Mephitic Cloud           Conj/Pois/Air  8%         N/A       50%         3
 Vampiric Draining        Necr           8%         2d6       50%         3
 Vhi's Electric Charge    Tloc/Air       18%        N/A       50%         3
 Summon Guardian Golem    Hex/Summ       8%         N/A       52%         3
 Confusing Touch          Hex            7%         N/A       54%         3
 Dazzling Flash           Conj/Hex       14%        N/A       54%         3
 Gell's Gravitas          Tloc           7%         N/A       54%         3
 Portal Projectile        Hex/Tloc       14%        N/A       54%         3
 Spider Form              Tmut/Pois      7%         N/A       54%         3
 Teleport Other           Tloc           7%         N/A       54%         3
 Tukima's Dance           Hex            7%         N/A       54%         3
 Airstrike                Air            5%         2d(1-17)  83%         4
 Summon Lightning Spire   Summ/Air       9%         N/A       86%         4
 Dispel Undead            Necr           8%         3d8       88%         4
 Anguish                  Hex/Necr       4%         N/A       89%         4
 Cause Fear               Hex            3%         N/A       91%         4
 Fulminant Prism          Conj/Hex       3%         3d5       91%         4
 Iskenderun's Mystic Bla  Conj/Tloc      7%         2d4       91%         4
 Manifold Assault         Tloc           7%         N/A       91%         4
 Plasma Beam              Fire/Air       14%        2x1d28    98%         6
 Agony                    Necr           8%         N/A       99%         5
 Alistair's Intoxication  Tmut/Pois      4%         N/A       99%         5
 Arcjolt                  Conj/Air       4%         1d14      99%         5
 Blade Hands              Tmut           3%         N/A       99%         5
 Freezing Cloud           Conj/Ice/Air   4%         6-21      99%         5
 Irradiate                Conj/Tmut      3%         3d12      99%         5
 Silence                  Hex/Air        4%         N/A       99%         5
 Summon Forest            Summ/Tloc      4%         N/A       99%         5
 Summon Mana Viper        Hex/Summ       8%         N/A       99%         5
 Starburst                Conj/Fire      14%        6d6       99%         6
 Dispersal                Tloc           3%         N/A       100%        6
 Eringya's Noxious Bog    Tmut/Pois      3%         N/A       100%        6
 Summon Cactus Giant      Summ           4%         N/A       100%        6
 Dragon Form              Tmut           3%         N/A       100%        7
 Haunt                    Necr/Summ      4%         N/A       100%        7
 Orb of Destruction       Conj           3%         9d5       100%        7
 Ozocubu's Refrigeration  Ice            5%         4d8       100%        7
 Spellforged Servitor     Conj/Summ      4%         N/A       100%        7
 Summon Hydra             Summ           4%         N/A       100%        7
 Disjunction              Tloc           3%         N/A       100%        8
 Maxwell's Capacitive Co  Air            5%         ∞         100%        8
 Summon Horrible Things   Summ           4%         N/A       100%        8
 Dragon's Call            Summ           4%         N/A       100%        9
 Cigotuvi's Dreadful Rot  Necr/Pois/Air  Unusable   N/A       N/A         2
 Statue Form              Tmut/Erth      Unusable   N/A       N/A         6

Dungeon Overview and Level Annotations

Branches:
Dungeon (15/15)            Temple (1/1) D:7            Lair (5/5) D:10
  Swamp (4/4) Lair:3       Spider (4/4) Lair:3        Slime (0/5) Lair:5
    Orc (2/2) D:10            Elf (3/3) Orc:2        Vaults (4/5) D:14
  Crypt (3/3) Vaults:3       Tomb (0/3) Crypt:3      Depths (4/4) D:15
    Zot (5/5) Depths:4

Altars:
Ashenzari
Cheibriados
Dithmenos
Elyvilon
Fedhas
Gozag
Hepliaklqana
Kikubaaqudgha
Makhleb
Nemelex Xobeh
Okawaru
Qazlal
Ru
Sif Muna
Trog
Uskayaw
Vehumet
Wu Jian
Xom
Yredelemnul
Zin
The Shining One
Jiyva

Shops:
D:13 *   Orc:2 :!(*   Elf:1 (   Elf:2 ?   Elf:3 [?   Vaults:1 :   Vaults:4 [

Portals:
Hell: Depths:1 Depths:2 Depths:3 Depths:4
Abyss: Depths:1 Depths:3 Depths:4
Pandemonium: Orc:2 Depths:2 Depths:3
Ziggurat: Depths:4

Annotations:
Zot:2 2 transporters, wilo's ghost, master MfBe


Innate Abilities, Weirdness & Mutations

You are immune to sickness and miasma.
Your stone body is resilient. (AC +20)
You are immune to poison.
Your large and strong wings let you fly.
You resist negative energy. (rN+)
You are resistant to electric shocks. (rElec)
You are resistant to unholy torment.
You are immune to petrification.
You are strong-willed. (Will+)
You occasionally shout uncontrollably at your foes.
You are weak. (Str -2)
You occasionally lose the ability to drink potions when taking damage.


Message History

You fly upwards.
There is a stone staircase leading down here.
You fly downwards.
You block the toenail golem's attack.
There is a stone staircase leading up here.
An Orb Guardian comes into view.
The toenail golem attacks as you move away!
You block the toenail golem's attack.
The toenail golem attacks as you move away!
You block the toenail golem's attack.
The toenail golem attacks as you move away!
You block the toenail golem's attack.
Aiming: Dig
Press: ? - help, Shift-Dir - straight line A rock wall.
This square is covered in magical glow.
The rock shatters into small pieces.
You block the toenail golem's attack.
The toenail golem attacks as you move away!
You block the toenail golem's attack.
There is a stone staircase leading up here.
You fly upwards.
There is a stone staircase leading down here.
Okay, then.
Aiming: Dig
Press: ? - help, Shift-Dir - straight line A rock wall.
This square is covered in magical glow.
The rock shatters into small pieces.
You yell at the red devil!
A red devil comes into view. It is wielding a +0 trident.
Unknown command.
You block the red devil's attack.
You slash the red devil!
The red devil is moderately wounded.
You slash the red devil!
The red devil is almost dead.
You block the red devil's attack.
You slice the red devil!!
You kill the red devil!
There is a staircase leading out of the dungeon here.
You see here a +0 trident.
You have escaped!

#........##.##.#.###.## #.##.†.
###........##.##.#.# #.# #.##.##
........{........#.# #.# #.##.#
##########.##.####.###.####.#..##
####...######..........##...#....
.##.###.##..######.######.#.#..##
####.###.#.#.##..#....>..........
..##.##..#.##.....#########.#..#.
#....#.#..#####.@#..........#..#.
####.#.##.###....##.#########....
....###.##...##..#....# #....
#####################.#######...#
............................#...#
#####...#......######..##.#.#...#
........#.####.###........#......
..###.#.#.##.#.#......########.##
..###........................#.##


There were no monsters in sight!

Vanquished Creatures
  9 dread liches
  Tiamat (Zot:2)
  5 orbs of fire
  4 ancient liches
  2 juggernauts
  Parghit (Depths:3)
  2 Killer Klowns (Zot:5)
  Boris (thrice) (Crypt:2 Depths:2 Depths:3)
  Sojobo (Vaults:4)
  Frederick (Depths:3)
  A curse toe (Zot:2)
  5 bone dragons
  Arachne (Spider:3)
  the Enchantress (D:15)
  6 golden dragons
  2 doom hounds (Zot:1)
  A Brimstone Fiend (Zot:5)
  5 electric golems
  A hellephant (Abyss:3)
  A lich (Abyss:3)
  17 tentacled monstrosities
  A shard shrike skeleton (Crypt:3)
  Grunn (Zot:1)
  2 deep elf blademasters
  25 Orb Guardians (Zot:5)
  A quicksilver dragon (Depths:4)
  2 deep elf master archers (Elf:3)
  7 ancient champions
  4 sphinxes
  12 death cobs
  A tentacled starspawn (Abyss:3)
  6 tengu reavers
  2 thorn hunters (Swamp:4)
  13 storm dragons
  4 shadow dragons
  5 revenants
  8 draconian monks
  3 draconian knights (Zot:1)
  4 deep elf sorcerers
  7 vault wardens
  An iron dragon (shapeshifter) (Depths:4)
  3 fire giants
  3 emperor scorpions (Spider:4)
  2 frost giants
  8 draconian shifters
  The ghost of Esekla the Eclecticist, an adept DEWn of Vehumet (Spider:4)
  Aizul (Swamp:2)
  Louise (Depths:3)
  6 draconian scorchers
  2 balrugs
  The ghost of Esoshyw the Severer, a journeyman MiBe of Trog (Orc:1)
  2 ghost moths
  The ghost of Kisosi the Severer, a journeyman DDFi of Makhleb (Orc:1)
  An orc warlord (Vaults:3)
  A curse skull (Crypt:2)
  6 spriggan defenders
  7 deep elf elementalists (Elf:3)
  A cacodemon (Abyss:3)
  4 draconian annihilators
  19 very ugly things
  5 spectral caustic shrikes (Depths:2)
  14 ironbound preservers
  8 ghouls
  11 stone giants
  2 draconian stormcallers
  A juggernaut skeleton (Crypt:3)
  The ghost of CarvArkoylaein the Severer, a journeyman MiFi (Swamp:2)
  2 broodmothers
  2 putrid mouths (Zot:1)
  7 caustic shrike skeletons
  10 green draconians
  A war gargoyle (Vaults:1)
  10 deep elf demonologists
  2 ironbound thunderhulks
  9 vampire knights
  5 deep elf annihilators
  9 black draconians
  2 eleionomae (Swamp:3)
  The ghost of Raisev the Severer, a journeyman HOFi (Lair:1)
  The ghost of Raisev the Severer, a journeyman HOFi (Lair:1)
  2 bunyips
  25 dire elephants
  9 red draconians
  11 spark wasps
  7 purple draconians
  19 yellow draconians
  3 white draconians
  7 eidola
  18 ettins
  A green death (Abyss:3)
  Josephine (D:15)
  2 jiangshi (Crypt:3)
  A merfolk javelineer (Depths:4)
  9 deep elf death magi
  7 fire dragons
  3 crystal guardians
  2 shambling mangroves
  A deep elf high priest (Elf:3)
  10 yaktaur captains
  7 entropy weavers
  4 vault guards
  2 great orbs of eyes (Vaults:3)
  3 ghost crabs
  8 boulder beetles
  A hell beast (Depths:1)
  27 hydras
  A jorogumo (Spider:4)
  9 ice dragons
  8 rakshasas
  6 spriggan air magi
  3 demonspawn (Orc:2)
  2 ogre magi
  3 peacekeepers
  10 ironbound frosthearts
  The ghost of Wuphurghy the Zephyrmancer, a journeyman GnWn of Yredelemnul (Lair:1)
  2 catoblepae
  2 spriggan skeletons (Crypt:3)
  9 two-headed ogres
  A radroach (Spider:2)
  32 dancing weapons
  A death knight (D:14)
  12 centaur warriors
  22 death yaks
  The ghost of AccursedSamuel the Cruncher, a journeyman TeMo of Nemelex Xobeh (Lair:1)
  8 alligators
  6 deep troll earth magi
  An azure jelly zombie (Crypt:3)
  An anaconda (shapeshifter) (Depths:3)
  3 vampire magi
  5 deep troll shamans
  2 thrashing horrors (Abyss:3)
  4 tengu warriors
  9 orc high priests
  A hell hog (Depths:1)
  5 soul eaters
  6 spriggan berserkers
  4 titan skeletons (Crypt:3)
  A wretched star (Abyss:3)
  28 deep elf knights
  2 pharaoh ants
  2 sun demons (Abyss:3)
  A sixfirhy (Depths:3)
  A storm dragon skeleton (Crypt:1)
  28 skeletal warriors
  A fire crab (shapeshifter) (D:15)
  5 goliath frogs
  A skyshark (Lair:4)
  57 deep trolls
  A shadow wraith (Crypt:3)
  A spriggan druid (Swamp:4)
  6 iron trolls
  6 sun moths
  12 swamp dragons
  6 spatial maelstroms (Abyss:3)
  2 flayed ghosts
  12 orb spiders
  17 bog bodies
  15 deep elf archers
  10 ironbound convokers
  11 phantasmal warriors
  2 glowing orange brains
  8 necromancers
  An orange crystal statue (Zot:2)
  7 wizards
  9 harpies
  9 lindwurms
  6 orc knights
  38 deep elf zephyrmancers
  10 steelbarb worms
  34 deep elf pyromancers
  5 will-o-the-wisps
  7 orc sorcerers
  A wolf spider zombie (Crypt:1)
  A bunyip skeleton (Crypt:3)
  14 wolf spiders
  29 ugly things
  A fire giant zombie (Depths:1)
  A stone giant zombie (Depths:3)
  A tengu skeleton (Depths:3)
  6 manticores
  21 moths of wrath
  A sphinx zombie (Crypt:2)
  3 cyclopes
  2 iron dragon skeletons
  2 worldbinders (Abyss:3)
  An elephant (shapeshifter) (Depths:3)
  A black mamba (shapeshifter) (D:15)
  3 centaur zombies
  An apocalypse crab (Abyss:3)
  2 orange demons
  3 black mambas
  6 elephants (Lair:2)
  A naga mage (D:15)
  16 vault sentinels
  14 torpor snails
  2 smoke demons
  3 rust devils
  2 kobold demonologists
  7 spectral spriggans (Swamp:1)
  2 stone giant skeletons
  11 demonic crawlers
  A catoblepas zombie (Crypt:2)
  2 gargoyles
  An unseen horror (D:10)
  3 dire elephant skeletons (Crypt:3)
  A swamp worm zombie (Crypt:1)
  3 rime drakes
  2 hellions (Abyss:3)
  7 cane toads
  An orb spider zombie (Crypt:1)
  2 tormentors (Zot:1)
  9 freezing wraiths
  An iron troll zombie (Crypt:2)
  24 yaktaurs
  8 komodo dragons
  An ancient zyme (Abyss:3)
  2 centaur skeletons
  An anaconda simulacrum (Crypt:2)
  4 ice devils
  A yellow draconian skeleton (Crypt:1)
  2 red devils
  25 hornets
  6 trolls
  3 meliai
  A polar bear (Lair:2)
  A hellwing (Depths:3)
  2 iron troll skeletons
  A meliai (shapeshifter) (Abyss:3)
  A blink frog (shapeshifter) (D:14)
  An ice dragon zombie (Crypt:2)
  2 bloated husks (Swamp:1)
  A tarantella (shapeshifter) (D:13)
  30 blink frogs
  14 tyrant leeches
  A hydra skeleton (Crypt:3)
  Grinder (D:6)
  4 raiju (Abyss:3)
  12 tarantellas
  A death drake skeleton (Crypt:3)
  A stone giant simulacrum (Crypt:2)
  11 culicivoras
  2 spriggan zombies
  A frost giant simulacrum (Depths:3)
  22 jumping spiders
  A flying skull (Vaults:3)
  9 dream sheep
  3 large abominations (Abyss:3)
  3 air elementals (Elf:1)
  Sigmund (D:6)
  A centaur simulacrum (D:15)
  38 slime creatures
  A naga simulacrum (Crypt:1)
  2 ettin skeletons
  2 shadows
  16 spriggans
  14 water elementals
  7 wraiths
  3 wyverns
  4 ynoxinuls
  A basilisk (shapeshifter) (Abyss:3)
  A vampire (D:7)
  A black mamba skeleton (Crypt:3)
  5 starcursed masses (Abyss:3)
  18 humans (D:14)
  7 basilisks
  2 steam dragons
  4 chaos spawn
  50 yaks
  25 fire elementals
  3 neqoxecs
  53 redbacks
  6 vampire mosquitoes
  Menkaure (D:7)
  A redback simulacrum (D:15)
  4 spatial vortices (Abyss:3)
  3 wargs
  5 acid dragons
  3 small abominations (Abyss:3)
  20 swamp worms
  16 water moccasins
  A demonspawn skeleton (Crypt:1)
  A glowing shapeshifter skeleton (Depths:1)
  39 orc warriors
  4 floating eyes
  3 black bears
  3 swamp drakes
  9 ogres
  23 wolves
  A rime drake zombie (Crypt:2)
  14 centaurs
  A snapping turtle skeleton (Crypt:3)
  A swamp dragon skeleton (Crypt:1)
  2 phantoms
  12 bullfrogs
  3 kobold brigands
  2 earth elementals
  A gnoll sergeant (D:10)
  3 cyclops zombies (Depths:3)
  4 scorpions
  9 necrophages
  22 wights
  20 killer bees
  4 howler monkeys
  A polar bear skeleton (Crypt:3)
  2 electric eels
  A troll skeleton (Crypt:1)
  3 quasits
  A crimson imp (D:8)
  2 jellies
  A hound (D:4)
  2 gnoll boudas
  43 orc priests
  10 iguanas
  A human skeleton (Crypt:2)
  A sleepcap (D:7)
  20 orc wizards
  A tengu zombie (Crypt:2)
  A naga zombie (Crypt:3)
  3 naga skeletons
  16 gnolls
  8 adders
  A shadow imp (D:8)
  3 white imps
  4 ufetubi
  A lava snake skeleton (Crypt:2)
  4 worms
  3 dart slugs
  80 orcs
  5 ball pythons
  An endoplasm (D:1)
  A giant cockroach (D:2)
  3 goblins
  4 hobgoblins
  23 kobolds
  2 quokkas
  5 bats
  3 frilled lizards
  7 rats
  A river rat zombie (Crypt:3)
  A butterfly (Lair:4)
2247 creatures vanquished.

Vanquished Creatures (collateral kills)
  A hydra (D:15)
  A spriggan berserker (Swamp:4)
  A deep elf knight (Elf:3)
  A deep elf pyromancer (Elf:3)
  A wraith (D:15)
  A centaur (D:15)
6 creatures vanquished.

Vanquished Creatures (others)
  A deep elf blademaster (Elf:3)
  A draconian stormcaller (Zot:2)
  A wizard (D:14)
  A bog body (Swamp:1)
  A necromancer (Depths:1)
  3 deep elf zephyrmancers
  4 bloated husks (Swamp:1)
  An air elemental (Elf:2)
  A water elemental (Abyss:3)
  A fire elemental (Elf:1)
  An orc warrior (D:15)
  49 foxfires
  2 starspawn tentacles (Abyss:3)
67 creatures vanquished.

Grand Total: 2320 creatures vanquished

Notes
Turn   | Place    | Note
-------+----------+-------------------------------------------
     0 | D:1      | LordWeiramon the Gargoyle Cinder Acolyte began the quest
                  | for the Orb.
     0 | D:1      | Reached XP level 1. HP: 14/14 MP: 2/2
   481 | D:1      | Reached XP level 2. HP: 18/20 MP: 3/3
   735 | D:1      | Learned a level 2 spell: Scorch
  1342 | D:2      | Reached XP level 3. HP: 17/24 MP: 1/4
  1673 | D:2      | Found a faded altar of an unknown god.
  1936 | D:2      | Reached XP level 4. HP: 29/29 MP: 0/5
  2413 | D:3      | Reached skill level 5 in Fire Magic
  2620 | D:3      | Reached XP level 5. HP: 33/33 MP: 3/6
  3895 | D:4      | Reached skill level 1 in Maces & Flails
  3902 | D:4      | Reached XP level 6. HP: 32/38 MP: 1/9
  4511 | D:5      | Entered Level 5 of the Dungeon
  4820 | D:3      | Reached XP level 7. HP: 43/43 MP: 5/10
  4943 | D:5      | Reached skill level 5 in Maces & Flails
  5009 | D:5      | Noticed a steam dragon
  5222 | D:5      | Killed a steam dragon
  5426 | D:5      | Reached XP level 8. HP: 37/48 MP: 6/11
  6209 | D:6      | Noticed Grinder
  6213 | D:6      | Noticed a wyvern
  6221 | D:6      | Noticed Sigmund
  6275 | D:6      | Killed a wyvern
  6332 | D:6      | Reached XP level 9. HP: 51/52 MP: 3/12
  6367 | D:6      | Reached skill level 10 in Maces & Flails
  6504 | D:6      | Killed Sigmund
  6615 | D:6      | Reached skill level 5 in Fighting
  6954 | D:6      | Killed Grinder
  7398 | D:7      | Found a staircase to the Ecumenical Temple.
  7423 | Temple   | Entered the Ecumenical Temple
  7860 | D:7      | Found a transporter.
  7878 | D:7      | Found a transporter.
  7893 | D:7      | Noticed Menkaure
  7993 | D:7      | Found an ancient bone altar of Kikubaaqudgha.
  8003 | D:7      | Found a basalt altar of Yredelemnul.
  8321 | D:8      | Found a transporter.
  8322 | D:8      | Found a transporter.
  8323 | D:8      | Found a transporter.
  8324 | D:8      | Found a transporter.
  8481 | D:8      | Reached skill level 1 in Dodging
  8498 | D:8      | Reached XP level 10. HP: 59/59 MP: 13/13
  9425 | D:7      | Reached skill level 5 in Dodging
  9654 | D:8      | Found a radiant altar of Vehumet.
  9655 | D:8      | Found a burning altar of Makhleb.
  9681 | D:8      | Noticed a two-headed ogre
  9697 | D:8      | Killed a two-headed ogre
 10098 | D:9      | Noticed a kobold demonologist
 10111 | D:9      | Noticed a sixfirhy
 10112 | D:9      | Killed a kobold demonologist
 10239 | D:9      | Noticed a boulder beetle
 10567 | D:9      | Reached skill level 5 in Armour
 10567 | D:9      | Reached XP level 11. HP: 56/63 MP: 11/14
 10911 | D:10     | Entered Level 10 of the Dungeon
 11063 | D:10     | Found a staircase to the Orcish Mines.
 11195 | D:10     | Found a staircase to the Lair.
 11743 | D:10     | Reached skill level 1 in Evocations
 12217 | D:10     | Upgraded the game from 0.30.1-6-gbe392663c4 to
                  | 0.30.1-8-g117510f58f
 12252 | Lair:1   | Entered Level 1 of the Lair of Beasts
 12614 | Lair:1   | Found a runed translucent gate.
 12614 | Lair:1   | Found a runed translucent gate.
 12615 | Lair:1   | Found a runed translucent gate.
 12616 | Lair:1   | Noticed Raisev's ghost (journeyman HOFi)
 12617 | Lair:1   | Noticed AccursedSamuel's ghost (journeyman TeMo)
 12618 | Lair:1   | Noticed Raisev's ghost (journeyman HOFi)
 12618 | Lair:1   | Noticed Wuphurghy's ghost (journeyman GnWn)
 13588 | Lair:2   | Reached XP level 12. HP: 72/72 MP: 15/15
 13763 | Lair:2   | Noticed a four-headed hydra
 13786 | Lair:2   | Killed a four-headed hydra
 14546 | Lair:2   | Noticed a five-headed hydra
 15060 | Lair:3   | Noticed a six-headed hydra
 15079 | Lair:3   | Killed a six-headed hydra
 15621 | Lair:3   | Reached skill level 10 in Fighting
 15837 | Lair:2   | Reached XP level 13. HP: 70/82 MP: 16/16
 17012 | Lair:3   | Found a hole to the Spider Nest.
 17198 | Lair:3   | Reached skill level 10 in Armour
 17753 | Lair:3   | Found a staircase to the Swamp.
 19662 | Lair:3   | Reached skill level 10 in Dodging
 20628 | Lair:4   | Gained mutation: Your large and strong wings let you fly.
                  | [Gargoyle growth]
 20628 | Lair:4   | Reached XP level 14. HP: 88/88 MP: 17/17
 21223 | Temple   | Fell from the grace of Ignis
 21223 | Temple   | Became a worshipper of Ashenzari the Shackled
 22337 | D:12     | Found a transporter.
 22343 | D:12     | Found a transporter.
 22345 | D:12     | Found a viscous altar of Jiyva.
 23865 | D:13     | Reached * piety under Ashenzari
 24031 | D:13     | Reached skill level 15 in Maces & Flails
 24105 | D:13     | Found Oneutruq's Assorted Antiques.
 24936 | D:13     | Identified the +2 pair of gloves of Pride {Harm rPois
                  | Will+++ Slay-5}
 24948 | D:13     | Reached ** piety under Ashenzari
 25669 | D:14     | You are sucked into a shaft and drop 1 floor!
 25669 | D:15     | Entered Level 15 of the Dungeon
 26599 | D:14     | Reached XP level 15. HP: 95/98 MP: 18/18
 26662 | D:14     | You are sucked into a shaft and drop 1 floor!
 26675 | D:15     | Was forgiven by Ignis
 26963 | D:14     | Found a gate to the Vaults.
 27565 | Lair:5   | Entered Level 5 of the Lair of Beasts
 27591 | Lair:4   | Identified the amulet of Egalitarianism {Spirit rC+ Int+4}
 28073 | Lair:5   | Found a viscous altar of Jiyva.
 28073 | Lair:5   | Found a staircase to the Slime Pits.
 28093 | Lair:5   | Reached *** piety under Ashenzari
 29315 | Lair:5   | Reached **** piety under Ashenzari
 29889 | Lair:5   | Found a runed translucent door.
 30921 | D:7      | Killed Menkaure
 31396 | Lair:1   | Identified the amulet of Egalitarianism {Spirit rC+ Int+4}
 31431 | Lair:1   | Killed Raisev's ghost
 31440 | Lair:1   | Killed AccursedSamuel's ghost
 31449 | Lair:1   | Killed Raisev's ghost
 31459 | Lair:1   | Killed Wuphurghy's ghost
 31564 | Orc:1    | Entered Level 1 of the Orcish Mines
 31809 | Orc:2    | Entered Level 2 of the Orcish Mines
 31944 | Orc:1    | Reached XP level 16. HP: 108/108 MP: 20/20
 32220 | Orc:2    | Found a staircase to the Elven Halls.
 32366 | Orc:1    | Found a runed translucent gate.
 32366 | Orc:1    | Found a runed translucent gate.
 32366 | Orc:1    | Found a runed translucent gate.
 32372 | Orc:1    | Noticed Kisosi's ghost (journeyman DDFi)
 32372 | Orc:1    | Noticed Esoshyw's ghost (journeyman MiBe)
 32374 | Orc:1    | Identified the Directory of Infected Fever
 32801 | Orc:2    | Found Agyseas's Distillery.
 32873 | Orc:2    | Found Guggariekk's General Store.
 33005 | Orc:2    | Bought a potion of curing for 42 gold pieces
 33005 | Orc:2    | Bought 2 potions of curing for 84 gold pieces
 33005 | Orc:2    | Bought 2 potions of cancellation for 224 gold pieces
 33005 | Orc:2    | Bought a potion of might for 56 gold pieces
 33005 | Orc:2    | Bought a potion of invisibility for 112 gold pieces
 33005 | Orc:2    | Bought a potion of haste for 140 gold pieces
 33005 | Orc:2    | Bought a potion of haste for 140 gold pieces
 33007 | Orc:2    | Bought a potion of berserk rage for 80 gold pieces
 33721 | Orc:2    | Found Karphue's Book Emporium.
 33721 | Orc:2    | Found Gadataa's Antique Weapon Shoppe.
 33721 | Orc:2    | Found a one-way gate leading to the halls of Pandemonium.
 33757 | Orc:2    | Bought a book of the Earth for 540 gold pieces
 33763 | Orc:2    | Learned a level 5 spell: Lee's Rapid Deconstruction
 33964 | Swamp:1  | Entered Level 1 of the Swamp
 33969 | Lair:3   | Reached skill level 1 in Earth Magic
 34381 | Swamp:1  | Reached ***** piety under Ashenzari
 34420 | Swamp:1  | Reached skill level 5 in Earth Magic
 36890 | Swamp:2  | Found a runed translucent gate.
 36891 | Swamp:2  | Found a runed translucent gate.
 36891 | Swamp:2  | Found a runed translucent gate.
 36892 | Swamp:2  | Identified the Discursus on Ozone and Convocation
 36898 | Swamp:2  | Noticed CarvArkoylaein's ghost (journeyman MiFi)
 36919 | Swamp:2  | Killed CarvArkoylaein's ghost
 37175 | Swamp:2  | Reached XP level 17. HP: 117/117 MP: 27/27
 37542 | Swamp:3  | Noticed Aizul
 37590 | Swamp:2  | Killed Aizul
 37625 | Swamp:3  | Noticed a tentacled monstrosity
 37636 | Swamp:3  | Killed a tentacled monstrosity
 37842 | Swamp:3  | Reached skill level 5 in Evocations
 38196 | Swamp:4  | Entered Level 4 of the Swamp
 40624 | Swamp:4  | Got a decaying rune of Zot
 40668 | Swamp:4  | Reached skill level 10 in Evocations
 41016 | Spider:1 | Entered Level 1 of the Spider Nest
 42361 | Spider:2 | Reached XP level 18. HP: 117/124 MP: 28/28
 43649 | Spider:3 | Noticed Arachne
 43678 | Spider:3 | Killed Arachne
 43996 | Spider:4 | Entered Level 4 of the Spider Nest
 44771 | Spider:4 | Found a transporter.
 44774 | Spider:4 | Noticed Esekla's ghost (adept DEWn)
 45072 | Spider:4 | Found a transporter.
 46061 | Spider:4 | Got a gossamer rune of Zot
 46219 | Spider:4 | Reached skill level 15 in Fighting
 46440 | Elf:1    | Entered Level 1 of the Elven Halls
 46872 | Elf:1    | Identified the Compilation of Assembling
 46889 | Abyss:3  | Cast into level 3 of the Abyss (a deep elf demonologist)
 46989 | Abyss:3  | Reached XP level 19. HP: 104/105 MP: 22/26
 47235 | Elf:1    | Escaped the Abyss
 47266 | Elf:1    | Noticed a Tzitzimitl
 47270 | Elf:1    | Reached skill level 1 in Shields
 47336 | Elf:1    | Reached skill level 2 in Shields
 47351 | Elf:1    | Reached skill level 3 in Shields
 47676 | Elf:1    | Reached skill level 4 in Shields
 47715 | Elf:1    | Reached skill level 5 in Shields
 47831 | Elf:1    | Reached skill level 6 in Shields
 48018 | Elf:1    | Paralysed by an air elemental for 1 turns
 48054 | Elf:1    | Reached skill level 7 in Shields
 48348 | Elf:1    | Found Gudewos's Antique Weapon Boutique.
 48757 | Elf:1    | Identified Huanufank's Tractate on Points and the Tempest
 48872 | Elf:2    | Reached skill level 8 in Shields
 48976 | Elf:2    | Reached skill level 9 in Shields
 49506 | Elf:2    | Reached skill level 10 in Shields
 49896 | Elf:2    | Reached skill level 11 in Shields
 49905 | Elf:2    | Found a runed translucent gate.
 49906 | Elf:2    | Found a runed translucent gate.
 49906 | Elf:2    | Found a runed translucent gate.
 50049 | Elf:2    | Found Ixtuh's Magic Scroll Emporium.
 50053 | Elf:2    | Bought a scroll of enchant weapon for 135 gold pieces
 50053 | Elf:2    | Bought a scroll of teleportation for 54 gold pieces
 50053 | Elf:2    | Bought a scroll of fear for 72 gold pieces
 50719 | Elf:2    | Reached skill level 12 in Shields
 50827 | Elf:2    | Reached XP level 20. HP: 139/139 MP: 30/30
 51365 | Elf:3    | Entered Level 3 of the Elven Halls
 51413 | Elf:3    | Found Irugoh's Magic Scroll Shoppe.
 51416 | Elf:3    | Bought a scroll of acquirement for 884 gold pieces
 51416 | Elf:3    | Bought a scroll of teleportation for 51 gold pieces
 51416 | Elf:3    | Bought a scroll of fear for 68 gold pieces
 51416 | Elf:3    | Bought a scroll of butterflies for 68 gold pieces
 51416 | Elf:3    | Bought a scroll of enchant armour for 127 gold pieces
 51449 | Elf:3    | Found Onoewau's Antique Armour Emporium.
 51578 | Elf:3    | Reached skill level 13 in Shields
 52114 | Elf:3    | Reached skill level 14 in Shields
 52237 | Abyss:3  | Cast into level 3 of the Abyss (a deep elf demonologist)
 52239 | Abyss:3  | Found a corrupted altar of Lugonu.
 52289 | Abyss:3  | Noticed a dread lich
 52350 | Abyss:3  | Killed a dread lich
 52384 | Abyss:3  | Noticed a hellephant
 52417 | Abyss:3  | Killed a hellephant
 52437 | Abyss:3  | Noticed a bone dragon
 52451 | Abyss:3  | Reached skill level 15 in Shields
 52478 | Abyss:3  | Killed a bone dragon
 52550 | Abyss:3  | Got an abyssal rune of Zot
 52566 | Abyss:3  | Found a corrupted altar of Lugonu.
 52568 | Elf:3    | Escaped the Abyss
 52593 | Elf:3    | Bought a pair of glowing boots for 187 gold pieces
 52612 | Elf:3    | Bought a runed helmet for 187 gold pieces
 52747 | Elf:3    | Reached skill level 1 in Axes
 53576 | Elf:3    | Identified Daw Qaz's Codex of Blight and Mud
 53758 | Elf:3    | Reached skill level 5 in Axes
 53759 | Elf:3    | Identified the +5 dagger of Weem Cept {vamp, Fly rPois
                  | rCorr Dex-5}
 53759 | Elf:3    | Identified the ring "Attalyt" {rElec Str+5 Int+6}
 53953 | Elf:3    | Identified the Vellum of Frostbound Shaping
 53953 | Elf:3    | Identified the Folio of the Evil Eye and Companions
 54084 | Elf:3    | Identified the staff of air "Tuamihes" {rElec rF+ Str+3}
 54085 | Elf:3    | Identified the +8 chain mail of the Morning {rF+ Int+4
                  | SInv}
 54512 | Vaults:1 | Entered Level 1 of the Vaults
 54602 | Vaults:1 | Reached XP level 21. HP: 113/144 MP: 23/30
 55003 | Vaults:1 | Found Vetwon's Book Shoppe.
 55208 | Vaults:1 | Identified the staff of earth "Aqypozud" {rC++ rN+ rCorr}
 56059 | Vaults:2 | Reached skill level 10 in Axes
 57086 | Vaults:2 | Found a huge runed gate.
 57086 | Vaults:2 | Found a huge runed gate.
 57086 | Vaults:2 | Found a huge runed gate.
 57086 | Vaults:2 | Found a huge runed gate.
 57087 | Vaults:2 | Found a huge runed gate.
 57087 | Vaults:2 | Found a huge runed gate.
 57087 | Vaults:2 | Found a huge runed gate.
 57087 | Vaults:2 | Found a huge runed gate.
 57088 | Vaults:2 | Found a huge runed gate.
 57090 | Vaults:2 | Found a huge runed gate.
 57090 | Vaults:2 | Found a huge runed gate.
 57090 | Vaults:2 | Found a huge runed gate.
 57090 | Vaults:2 | Found a huge runed gate.
 57090 | Vaults:2 | Found a huge runed gate.
 57090 | Vaults:2 | Found a huge runed gate.
 57090 | Vaults:2 | Found a huge runed gate.
 57091 | Vaults:2 | Found a huge runed gate.
 57092 | Vaults:2 | Found a huge runed gate.
 57208 | Vaults:2 | Found a huge runed gate.
 57216 | Vaults:2 | Found a huge runed gate.
 57216 | Vaults:2 | Found a huge runed gate.
 57216 | Vaults:2 | Found a huge runed gate.
 57216 | Vaults:2 | Found a huge runed gate.
 57216 | Vaults:2 | Found a huge runed gate.
 57216 | Vaults:2 | Found a huge runed gate.
 57217 | Vaults:2 | Found a huge runed gate.
 57218 | Vaults:2 | Found a huge runed gate.
 57219 | Vaults:2 | Found a huge runed gate.
 57228 | Vaults:2 | Found a huge runed gate.
 57228 | Vaults:2 | Found a huge runed gate.
 57228 | Vaults:2 | Found a huge runed gate.
 57228 | Vaults:2 | Found a huge runed gate.
 57228 | Vaults:2 | Found a huge runed gate.
 57228 | Vaults:2 | Found a huge runed gate.
 57229 | Vaults:2 | Found a huge runed gate.
 57230 | Vaults:2 | Found a huge runed gate.
 57895 | Vaults:3 | Reached XP level 22. HP: 139/150 MP: 5/32
 59102 | Vaults:3 | Found a staircase to the Crypt.
 59625 | Vaults:4 | Found Baecliol's Armour Boutique.
 59693 | Vaults:4 | Reached skill level 15 in Axes
 60722 | Vaults:4 | Noticed Sojobo
 60736 | Vaults:4 | Killed Sojobo
 60969 | Vaults:4 | Acquired 704 gold pieces
 61067 | Crypt:1  | Entered Level 1 of the Crypt
 62124 | Crypt:1  | Reached XP level 23. HP: 162/162 MP: 33/33
 62186 | Crypt:2  | Noticed Boris
 62402 | Crypt:2  | Killed Boris
 62855 | Crypt:2  | Identified the +0 halberd of Makhleb's Grace {elec, SInv}
 63184 | Crypt:3  | Entered Level 3 of the Crypt
 64055 | Crypt:3  | Found a staircase to the Tomb.
 64213 | Crypt:3  | Reached ****** piety under Ashenzari
 64505 | Crypt:3  | Identified the ring of Maowka {rElec rN+ Will+ Dex-3}
 65168 | Crypt:3  | Identified the staff of air "Inevuvu" {rElec rPois rC+
                  | Int-5}
 65168 | Crypt:3  | Noticed an ancient lich
 65176 | Crypt:3  | Killed an ancient lich
 66488 | Spider:4 | Killed Esekla's ghost
 66489 | Spider:4 | Reached skill level 15 in Armour
 66759 | Orc:1    | Killed Kisosi's ghost
 66764 | Orc:1    | Killed Esoshyw's ghost
 67062 | D:15     | Found a shadowy altar of Dithmenos.
 67228 | D:15     | Found a staircase to the Depths.
 67416 | D:15     | Noticed Josephine
 67431 | D:15     | Killed Josephine
 67561 | D:15     | Found an ancient bone altar of Kikubaaqudgha.
 67744 | Depths:1 | Entered Level 1 of the Depths
 67752 | Depths:1 | Noticed the Enchantress
 67760 | Depths:1 | Reached XP level 24. HP: 171/171 MP: 32/32
 67767 | D:15     | Killed the Enchantress
 68259 | Depths:1 | Found a gateway to Hell.
 68409 | Depths:1 | Found a one-way gate to the infinite horrors of the Abyss.
 68704 | Depths:1 | Found a radiant altar of Vehumet.
 68706 | Depths:1 | Found a hide-covered altar of Uskayaw.
 68706 | Depths:1 | Found a hazy altar of Hepliaklqana.
 68708 | Depths:1 | Found an iron altar of Okawaru.
 68708 | Depths:1 | Found a shadowy altar of Dithmenos.
 68708 | Depths:1 | Found a shimmering altar of Xom.
 68759 | Depths:2 | Noticed Boris
 68763 | Depths:2 | Found an iron altar of Okawaru.
 68780 | Depths:2 | Killed Boris
 68948 | Depths:2 | Reached skill level 16 in Shields
 69295 | Depths:2 | Found a portal to a secret trove of treasure.
 69307 | Depths:2 | You showed the abyssal rune of Zot to enter a treasure
                  | trove
 69308 | Trove    | Entered a treasure trove
 69310 | Trove    | Identified the ring "Jyxzurch" {rC+ Slay+4}
 69310 | Trove    | Identified the ring "Net Err" {rF+ rC+ Int+3}
 69310 | Trove    | Identified the ring of Meunum {rF+ Will+ Int+5}
 69310 | Trove    | Identified the amulet of Xarorece {Acrobat rPois}
 69312 | Trove    | Identified the amulet of Kiqiby {Acrobat rN++}
 69312 | Trove    | Identified the ring of Gywe {Will+ Int+3 SInv}
 69969 | Depths:3 | Reached skill level 17 in Shields
 70055 | Depths:3 | Noticed Frederick
 70067 | Depths:3 | Killed Frederick
 70132 | Depths:3 | Found an opulent altar of Gozag.
 70204 | Depths:3 | Noticed Louise
 70221 | Depths:3 | Killed Louise
 70513 | Depths:3 | Noticed Parghit
 70557 | Depths:3 | Killed Parghit
 70558 | Depths:3 | Reached skill level 18 in Shields
 70943 | Depths:3 | Noticed Boris
 70969 | Depths:3 | Killed Boris
 71205 | Depths:3 | Reached XP level 25. HP: 179/179 MP: 32/32
 71217 | Depths:3 | Noticed a juggernaut
 71250 | Depths:3 | Killed a juggernaut
 71257 | Depths:3 | Identified the +4 longbow of the Scuffed God {heavy, rF+
                  | Will+ SInv}
 71257 | Depths:3 | Identified the +0 scale mail "Woroev" {Will+ Str+4 Dex-5}
 71258 | Depths:3 | Identified the +4 flail of Etiebull {spect, rN+++ Dex-2
                  | SInv Stlth-}
 71258 | Depths:3 | Identified the +6 spear "Hydraslayer" {freeze, +Blink rC+
                  | Str+3 Int-4}
 71258 | Depths:3 | Identified the +2 hand axe of Cappeu {vamp, Str+3 Dex+4}
 71819 | Depths:4 | Entered Level 4 of the Depths
 71987 | Depths:4 | Found a broken altar of Ashenzari.
 72240 | Depths:4 | Noticed a juggernaut
 72259 | Depths:4 | Killed a juggernaut
 72449 | Depths:4 | Identified the +6 battleaxe of Qutir {antimagic, *Rage
                  | rPois Dex-5 Stlth+}
 72805 | Depths:4 | Found a bloodstained altar of Trog.
 72969 | Depths:4 | Found a one-way gateway to a ziggurat.
 73671 | Depths:4 | Found a gate to the Realm of Zot.
 73867 | Zot:1    | Entered Level 1 of the Realm of Zot
 74121 | Zot:1    | Reached skill level 19 in Shields
 75404 | Zot:2    | Noticed Grunn
 75492 | Zot:1    | Killed Grunn
 75959 | Zot:2    | Reached XP level 26. HP: 166/193 MP: 28/33
 75964 | Zot:2    | Found the +4 dragonskin cloak
 75964 | Zot:2    | Noticed Tiamat
 76353 | Zot:2    | Identified the +0 cloak of Tasiegenwo {Stlth+}
 76373 | Zot:2    | Found a bloodstained altar of Trog.
 76375 | Zot:2    | Noticed wilo's ghost (master MfBe)
 76380 | Zot:2    | Found a transporter.
 76517 | Zot:2    | Found a transporter.
 76517 | Zot:2    | Identified the +5 kite shield of Fun and Games {Dex+3}
 76521 | Zot:2    | Identified the ring of Harmony {rF+ Int+4 SInv}
 76531 | Zot:2    | Found a transporter.
 76751 | Zot:2    | Found a transporter.
 76754 | Zot:2    | Identified the +0 cloak of Lapiyti {rPois Int+3}
 77538 | Zot:2    | Killed Tiamat
 77561 | Zot:2    | Noticed a Killer Klown
 77911 | Zot:3    | Paralysed by a floating eye for 3 turns
 77936 | Zot:3    | Noticed a dread lich
 78006 | Zot:3    | Noticed a dread lich
 78016 | Zot:3    | Noticed a dread lich
 78019 | Zot:3    | Killed a dread lich
 78031 | Zot:3    | Killed a dread lich
 78046 | Zot:3    | Killed a dread lich
 78339 | Zot:3    | Noticed an orb of fire
 78348 | Zot:3    | Gained mutation: You are frail. (-10% HP) [an orb of fire]
 78358 | Zot:3    | Gained mutation: Armour fits poorly on your strangely
                  | shaped body. [an orb of fire]
 78362 | Zot:3    | Noticed an orb of fire
 78371 | Zot:3    | Gained mutation: You occasionally shout uncontrollably at
                  | your foes. [an orb of fire]
 78376 | Zot:3    | Killed an orb of fire
 78385 | Zot:3    | Killed an orb of fire
 79450 | Zot:5    | Entered Level 5 of the Realm of Zot
 79626 | Zot:5    | Reached skill level 20 in Shields
 80114 | Zot:5    | Noticed a dread lich
 80132 | Zot:5    | Killed a dread lich
 80229 | Zot:5    | Noticed a Killer Klown
 80231 | Zot:5    | Reached skill level 21 in Shields
 80256 | Zot:5    | Reached XP level 27. HP: 174/179 MP: 33/33
 80372 | Zot:5    | Noticed an orb of fire
 80386 | Zot:5    | Gained mutation: Your spells are a little easier to cast,
                  | but a little less powerful. [an orb of fire]
 80394 | Zot:5    | Gained mutation: You are weak. (Str -2) [an orb of fire]
 80405 | Zot:5    | Killed an orb of fire
 80581 | Zot:5    | Noticed a dread lich
 80594 | Zot:5    | Paralysed by a dread lich for 4 turns
 80601 | Zot:5    | Killed a dread lich
 80803 | Zot:5    | Noticed an ancient lich
 80818 | Zot:5    | Killed an ancient lich
 80982 | Zot:5    | Reached skill level 22 in Shields
 81067 | Zot:5    | Noticed a dread lich
 81087 | Zot:5    | Paralysed by a dread lich for 3 turns
 81095 | Zot:5    | Killed a dread lich
 81203 | Zot:5    | Noticed an orb of fire
 81206 | Zot:5    | Noticed an orb of fire
 81219 | Zot:5    | Noticed a dread lich
 81223 | Zot:5    | Reached skill level 23 in Shields
 81230 | Zot:5    | Noticed an ancient lich
 81242 | Zot:5    | Killed a dread lich
 81242 | Zot:5    | Gained mutation: Your mind is acute. (Int +4, Str/Dex -1)
                  | [an orb of fire]
 81243 | Zot:5    | Killed an orb of fire
 81246 | Zot:5    | Killed an orb of fire
 81254 | Zot:5    | Killed an ancient lich
 81256 | Zot:5    | Noticed a dread lich
 81256 | Zot:5    | Noticed an ancient lich
 81278 | Zot:5    | Killed a dread lich
 81282 | Zot:5    | Killed an ancient lich
 81643 | Zot:5    | Lost mutation: Your spells are a little easier to cast, but
                  | a little less powerful. [potion of mutation]
 81643 | Zot:5    | Lost mutation: Armour fits poorly on your strangely shaped
                  | body. [potion of mutation]
 81643 | Zot:5    | Gained mutation: You occasionally lose the ability to drink
                  | potions when taking damage. [potion of mutation]
 81643 | Zot:5    | Lost mutation: Your mind is acute. (Int +4, Str/Dex -1)
                  | [potion of mutation]
 81643 | Zot:5    | Gained mutation: Your flesh is heat resistant. (rF+)
                  | [potion of mutation]
 81644 | Zot:5    | Lost mutation: You are frail. (-10% HP) [potion of
                  | mutation]
 81644 | Zot:5    | Lost mutation: Your flesh is heat resistant. (rF+) [potion
                  | of mutation]
 81644 | Zot:5    | Lost mutation: You occasionally lose the ability to drink
                  | potions when taking damage. [potion of mutation]
 81644 | Zot:5    | Gained mutation: You occasionally lose the ability to drink
                  | potions when taking damage. [potion of mutation]
 81644 | Zot:5    | Gained mutation: You are strong-willed. (Will+) [potion of
                  | mutation]
 81740 | Zot:5    | Got the Orb of Zot
 81777 | Zot:5    | Reached skill level 24 in Shields
 82250 | D:$      | Escaped with the Orb!

Illustrated notes

Levels and vault maps discovered:
D:1:      dpeg_arrival_signposts, layout_basic
D:2:      layout_basic, shapermc_ecumenical_altar_starsandcircs,
          kennysheep_generic_room_13
D:3:      layout_rooms, chequers_serial_rivers_marsh, grunt_decor_arrowhead
D:4:      layout_loops_corners, serial_glass, glass_columns_c, glass_columns_a,
          due_unseen_surprise
D:5:      layout_rooms
D:6:      layout_layer_cave, uniq_grinder, uniq_sigmund
D:7:      layout_loops_cross, gammafunk_temple_of_torment,
          minmay_temple_entry_ruins
D:8:      layout_basic, grunt_temple_overflow_lords_of_destruction,
          minmay_crystal_room, kennysheep_big_empty_room,
          nicolae_diode_quadrants
D:9:      layout_basic
D:10:     layout_roguey, lair_entry_dummy, orc_0_dummy, minmay_misc_feat_five,
          minmay_starry_boxes
D:11:     layout_basic
D:12:     gammafunk_jiyva_shrine, layout_irregular_city, serial_demonic,
          serial_demonic_b, serial_demonic_b, serial_demonic_d,
          serial_demonic_d, serial_demonic_d, serial_demonic_g, serial_demonic_b
D:13:     layout_irregular_city, serial_shops, nicolae_take_the_stairs,
          gauntlet_entry_generic
D:14:     layout_loops_ring, grunt_vaults_entry_tiered, serial_park_fountain
D:15:     grunt_enter_depths_magical_seal, layout_loops_ring,
          kiku_gazebo_pond_becter, nicolae_dithmenos_the_darkroom,
          uniq_josephine
Temple:   mainiacjoe_temple_bowtie_tessellation
Lair:1:   layout_roguey, gammafunk_ghost_cemetery
Lair:2:   layout_small_grid, lemuel_fruit_fields
Lair:3:   layout_hall_layers, palyth_hydra_swamp_entry,
          hellmonk_spider_entry_not_the_bees, grunt_megastairs_3
Lair:4:   layout_small_grid, roderic_carrion_pond, lemuel_fruit_fields
Lair:5:   wormcave, layout_regular_city, guppyfry_lair_end_dragon,
          dpeg_slime_entry_enclosed
Swamp:1:  nicolae_swamp_flooded_prison, layout_basic_swamp,
          nicolae_swamp_little_swirl
Swamp:2:  layout_falls_marsh, ebering_ghost_rock_garden, hangedman_swamp_pad,
          infiniplex_staircase_pool
Swamp:3:  layout_basic_swamp, nicolae_swamp_dense_foliage,
          infiniplex_staircase_pool_2, uniq_aizul
Swamp:4:  swamp_basic_johnstein, layout_basic_swamp
Spider:1: layout_spider_delve
Spider:2: layout_spider_delve, drop_trap, nicolae_spider_eight_legs
Spider:3: layout_spider_delve, uniq_arachne
Spider:4: grunt_spider_rune_island, gammafunk_ghost_arena
Orc:1:    layout_diamond_mine, gammafunk_ghost_cemetery,
          statue_in_the_mist_lemuel, nicolae_orc_crystal_geode
Orc:2:    pf_orc_diabolical, layout_caves
Elf:1:    cheibrodos_salmonella, layout_loops_corners, serial_shops,
          nicolae_shop_statue_plus, minmay_elf_demonology, grunt_ministairs_7,
          billiards_dpeg
Elf:2:    nicolae_elf_blades_crystal_corner, layout_loops_corners, serial_shops,
          shop, nicolae_elevator_lobby_plus
Elf:3:    grunt_elf_hall_spiral, layout_gridlike, serial_shops,
          nicolae_shop_back_alley_shop, shop_statue
Vaults:1: nicolae_vaults_variable_pillar_hall_cross,
          nicolae_vaults_back_hallway, grunt_vaults_bifocal,
          nicolae_vaults_house_2, ontoclasm_vaults_idyll,
          nicolae_vaults_security_offices_3, nicolae_vaults_hallways_thing,
          nicolae_vaults_trapezoid_layered, nicolae_vaults_big_angled_halls,
          nicolae_vaults_spaceships, v_misc_26, nicolae_vaults_trapezoid_2,
          layout_vaults_omnibox, serial_shops, shop
Vaults:2: ontoclasm_vaults_twist, door_vault, ontoclasm_vaults_shuriken,
          ontoclasm_vaults_ring_square, nicolae_vaults_three_branches,
          grunt_vaults_diagonal, v_rooms_2, vaults_room_corners, v_misc_33,
          nicolae_vaults_six-pack, hangedman_vaults_cutoff, layout_vaults_ring
Vaults:3: nicolae_vaults_tetromino_T_1, ontoclasm_vaults_shout,
          nicolae_vaults_double_plus_2, nicolae_vaults_sesquioval_fish,
          v_misc_14, nicolae_vaults_angled_halls,
          nicolae_vaults_surprise_closet, ontoclasm_vaults_eye, v_pattern_3,
          vaults_standard_mumra_x, minmay_crypt_entry_simple_box,
          layout_vaults_omnigrid
Vaults:4: grunt_vaults_hallway_long, nicolae_vaults_little_squares_1,
          hangedman_vaults_slice, nicolae_vaults_taking_the_gang_shopping,
          vaults_room_semicircle, v_misc_8, ontoclasm_vaults_fault, v_misc_25,
          v_misc_18, nicolae_vaults_ring_of_whatevers, layout_vaults_big_room,
          uniq_sojobo
Crypt:1:  layout_gridlike, nicolae_crypt_soggy_tomb, grunt_crypt_arrival_split,
          grunt_megastairs_4
Crypt:2:  layout_basic, uniq_boris
Crypt:3:  due_elkab, layout_chaotic_city, tomb_entry_forgotten_bobbens,
          minivault_19
Depths:1: layout_cave_pools, grunt_mini_vestibule, hangedman_abyss_entry_splay,
          doesnt_xom_only_xom, uniq_enchantress
Depths:2: nicolae_moon_pools, layout_cave_shapes, pan_entry,
          nicolae_trove_entry_crossroad, okawaru_gym_becter,
          pf_hell_entry_tar_river, minmay_staircase_statues
Depths:3: giant_chief_lemuel, layout_gridlike, grunt_pan_entry_sceptre,
          nicolae_gozag_seed_capital, pf_coc_iceberg,
          nicolae_abyss_entry_one_way_or_another, uniq_frederick, uniq_parghit
Depths:4: grunt_zot_entry_hairpin, layout_gridlike, enter_ziggurat_f,
          abyss_entry, ashenzari_altar_1, pf_hell_entry_great_geh,
          small_chamber_with_monster, evilmike_spriggan_trog_shrine
Zot:1:    layout_cathedral_of_symmetry, zot_minivault_4
Zot:2:    gammafunk_sealed_arena, layout_onion,
          gammafunk_ghost_wrathful_warriors, uniq_tiamat, uniq_grunn
Zot:3:    hellmonk_paralyzer, layout_onion_interference, lemuel_lake_of_fire
Zot:4:    layout_misc_corridors
Zot:5:    layout_concentric_octagons, lemuel_baited_zot_trap, drop_trap

Skill      XL: |  1  2  3  4  5  6  7  8  9 10 11 12 13 14 15 16 17 18 19 20 21 22 23 24 25 26 27 |
---------------+----------------------------------------------------------------------------------+-----
Fighting       | 4 5 7 10 13 14 15 16 19 21 22 23 | 23.9
Fire Magic     | 4 5 |  5.3
Spellcasting   | 2 4 |  4.0
Maces & Flails | 1 4 6 9 12 14 15 17 18 | 18.1
Dodging        | 1 5 6 8 10 11 14 | 14.4
Stealth        | 4 |  4.2
Armour         | 5 6 10 12 13 16 18 | 18.0
Evocations     | 1 4 10 | 10.0
Throwing       | 3 |  3.3
Earth Magic    | 9 |  9.0
Shields        | 12 15 18 19 21 24 | 24.0
Axes           | 7 13 15 16 19 | 19.0
Polearms       | |  2.6

Action                     |  1- 3 |  4- 6 |  7- 9 | 10-12 | 13-15 | 16-18 | 19-21 | 22-24 | 25-27 || total
---------------------------+-------+-------+-------+-------+-------+-------+-------+-------+-------++-------
  Melee: Spear             |    67 |    81 |       |       |       |       |       |       |       ||   148
         Whip              |       |    42 |   130 |    34 |       |       |       |       |       ||   206
         Punch             |       |     1 |     2 |       |       |       |       |       |       ||     3
         Dire flail        |       |       |    47 |   653 |  1187 |       |       |       |       ||  1887
         Great mace        |       |       |       |       |   494 |  1923 |   150 |       |       ||  2567
         Demon whip        |       |       |       |       |       |       |  1052 |       |       ||  1052
         Broad axe         |       |       |       |       |       |       |   679 |  2504 |  1933 ||  5116
  Throw: Stone             |       |       |     2 |       |       |       |       |       |       ||     2
         Dart              |       |       |       |    20 |    67 |    60 |     7 |     2 |     4 ||   160
         Throwing net      |       |       |       |       |       |       |       |       |     1 ||     1
   Cast: Scorch            |    10 |    42 |    66 |    28 |       |       |       |       |       ||   146
         Lee's Rapid Decon |       |       |       |       |       |    11 |    16 |    30 |       ||    57
 Invoke: Fiery Armour      |     1 |     2 |     2 |       |     3 |       |       |       |       ||     8
         Foxfire Swarm     |       |       |       |     3 |       |       |       |       |       ||     3
         Rising Flame      |       |       |       |       |     1 |       |       |       |       ||     1
         Curse Item        |       |       |       |       |     6 |     3 |     3 |     3 |     1 ||    16
         Shatter the Chain |       |       |       |       |     1 |     1 |     2 |     1 |     1 ||     6
  Evoke: Wand              |       |       |     6 |     5 |    23 |    48 |     5 |     8 |     4 ||    99
         Lightning rod     |       |       |       |       |       |     9 |     9 |     3 |       ||    21
         Phantom mirror    |       |       |       |       |       |     2 |     1 |     2 |     1 ||     6
         Tin of tremorston |       |       |       |       |       |     3 |     7 |     2 |       ||    12
         Box of beasts     |       |       |       |       |       |       |     1 |     1 |     1 ||     3
         Phial of floods   |       |       |       |       |       |       |       |     1 |       ||     1
    Use: Scroll            |     1 |     2 |     5 |     3 |     8 |     3 |     5 |     9 |    10 ||    46
         Potion            |       |       |     3 |     1 |     6 |     3 |    18 |     2 |    17 ||    50
   Stab: Sleeping          |       |     2 |       |     8 |     9 |    21 |    10 |    31 |    11 ||    92
         Distracted        |       |       |       |       |     4 |     7 |     7 |     9 |     4 ||    31
         Invisible         |       |       |       |       |     3 |       |    10 |       |       ||    13
         Held in net/web   |       |       |       |       |       |       |       |       |     5 ||     5
 Armour: Robe              |    12 |    58 |    61 |   159 |   363 |   647 |   314 |   188 |       ||  1802
         Fire dragon scale |       |       |       |       |       |       |       |   300 |   534 ||   834
  Dodge: Dodged            |    18 |    94 |    81 |   319 |  1037 |  1846 |   984 |  1167 |   728 ||  6274
  Block: Kite shield       |       |       |       |       |       |       |   816 |  1231 |   188 ||  2235
         Tower shield      |       |       |       |       |       |       |       |       |  1212 ||  1212
